 Dungeon Crawl Stone Soup version 0.31.0-11-ge490571c62 (webtiles) character file.

Game seed: 3161979693052458252

827 rumournova the Slasher (level 7, 0/60 HPs)
             Began as a White Draconian Wanderer on Jan 26, 2024.
             Was a Follower of Elyvilon.
             Slain by Pikel
             ... wielding a +2 whip of freezing
              (13 damage)
             ... on level 5 of the Dungeon.
             The game lasted 00:19:12 (3950 turns).

rumournova the Slasher (White Draconian Wanderer)   Turns: 3950, Time: 00:19:13

Health: 0/60       AC:  0    Str: 15    XL:     7   Next: 64%
Magic:  8/8        EV: 20    Int:  9    God:    Elyvilon [*.....]
Gold:   102        SH:  0    Dex: 18    Spells: 8/8 levels left

rFire   . . .        a - melded +2 falchion
rCold   . . .        (shield currently unavailable)
rNeg    . . .        (body armour unavailable)
rPois   .            (helmet currently unavailable)
rElec   .            c - melded +2 cloak
rCorr   .            (gloves currently unavailable)
SInv    .            (boots currently unavailable)
Will    .....        (no amulet)
Stlth   +++          f - melded ring of protection from cold
HPRegen 0.30/turn    g - melded +4 ring of protection
MPRegen 0.11/turn

%: random rage (3%)
@: bat-form, on berserk cooldown, flying, slowed, quick
A: fast, flying, no casting, (breathe frost), AC +6, tiny, unfitting armour,
(cold resistance 1), (cold-blooded), berserk 1, weak 1, noise suppression
a: Renounce Religion, Purification


You were on level 5 of the Dungeon.
You worshipped Elyvilon.
Elyvilon was aware of your devotion.
You were a bat.
You visited 1 branch of the dungeon, and saw 5 of its levels.

You collected 232 gold pieces.
You spent 130 gold pieces at shops.

Inventory:

Hand Weapons
 a - a +2 falchion (melded)
Missiles
 i - 3 poisoned darts (quivered)
 u - 5 atropa-tipped darts
Armour
 c - a +2 cloak (melded)
Jewellery
 f - a ring of protection from cold (melded)
 g - a +4 ring of protection (melded)
 j - an amulet of magic regeneration
 k - a ring of willpower
 m - a ring of poison resistance
Scrolls
 b - 3 scrolls of teleportation
 t - a scroll of vulnerability
Potions
 d - 2 potions of haste
 e - a potion of invisibility
 h - a potion of lignification
 l - 2 potions of curing
 n - a potion of might
 o - a potion of berserk rage
 p - 2 potions of enlightenment
 q - a potion of heal wounds
 v - a potion of brilliance {unknown}


   Skills:
 * Level 4.9 Fighting
 * Level 2.7(5.2) Short Blades
 * Level 6.9(7.2) Long Blades
 * Level 2.6 Dodging
 * Level 3.6 Stealth
 + Level 1.0 Spellcasting
 + Level 0.4 Shapeshifting


You had 8 spell levels left.
You didn't know any spells.
Your spell library contained the following spells:

 Spells                   Type           Power      Damage    Failure   Level
 Lesser Beckoning         Tloc           0%         N/A       50%         2
 Static Discharge         Conj/Air       0%         3-3/arc   50%         2
 Gell's Gravitas          Tloc           0%         N/A       73%         3
 Teleport Other           Tloc           0%         N/A       73%         3
 Airstrike                Air            0%         2d(0-16)  98%         4
 Summon Lightning Spire   Summ/Air       0%         N/A       98%         4


Dungeon Overview and Level Annotations

Branches:
Dungeon (5/15)
 Temple: D:4-7

Altars:
Elyvilon
Hepliaklqana
Ru
Wu Jian

Shops:
D:3 !

Annotations:
D:5 Pikel


Innate Abilities, Weirdness & Mutations

You are a bat.
You are tiny and dextrous.
You move quickly.
You are flying.
Your equipment is almost entirely melded.
You are incapable of wielding weapons or throwing items.
You cannot cast spells.
((You can breathe waves of freezing cold which knock back foes.))
((Your icy white scales are hard. (AC +6)))
You cannot fit into any form of body armour.
((Your flesh is cold resistant. (rC+)))
((You are cold-blooded and may be slowed by cold attacks.))
You sometimes lose your temper in combat.
You are weak. (Str -2)
You passively dampen the noise of your surroundings.


Message History

You miss the hound.
The hound is moderately wounded.
The hound bites you. The hound misses you.
You closely miss the hound.
The hound is moderately wounded.
The hound barely misses you. The hound bites you but does no damage.
Pikel zaps a wand.
You turn into a bat.
Your +2 falchion melds into your body.
Your +2 cloak melds into your body.
Your ring of protection from cold melds into your body.
Your +4 ring of protection melds into your body.
You hit the hound but do no damage.
The hound is moderately wounded.
The hound bites you. The hound misses you. Pikel closely misses you.
You hit the hound.
The hound is severely wounded.
The hound bites you. Pikel misses you. The hound bites you.
You hit the hound.
The hound is almost dead.
The hound bites you.
Pikel hits you with a +2 whip of freezing!
Pikel freezes you. The hound misses you.
Pikel hits you with a +2 whip of freezing.
* * * LOW HITPOINT WARNING * * *
Pikel freezes you.
* * * LOW HITPOINT WARNING * * *
The hound bites you.
* * * LOW HITPOINT WARNING * * *
A lemure comes into view.
The hound attacks as it pursues you! The hound bites you.
* * * LOW HITPOINT WARNING * * *
Pikel misses you. The hound closely misses you. The hound closely misses you.
The hound completely misses you.
Pikel cracks his whip.
Pikel attacks as he pursues you! Pikel misses you.
You feel better.
Pikel cracks his whip.
Pikel hits you with a +2 whip of freezing!
You die...
Pikel says, "Another soul for the market."

..# .5### ##..####
..5##......# #......#
#......##..
#......##5.....#
#.##.## #h##.### #
#K##.# ##b.# ######..#
#.......# ######.##
#...##.##+##
###########..........#
#....................#
#....................#
#....................#


You could see Pikel, a lemure and a hound.

Vanquished Creatures
  Prince Ribbit (D:5)
  An ogre (D:5)
  A lemure (D:5)
  A scorpion (D:5)
  A howler monkey (D:5)
  A bombardier beetle (D:4)
  An orc priest (D:4)
  A sleepcap (D:4)
  Jessica (D:3)
  3 iguanas
  2 orc wizards (D:4)
  11 gnolls
  3 adders
  A white imp (D:5)
  A dart slug (D:1)
  A ribbon worm (D:4)
  8 orcs
  8 endoplasms
  8 goblins
  4 hobgoblins
  8 jackals (D:3)
  10 kobolds
  3 quokkas
  8 ball pythons
  5 bats
  4 rats
97 creatures vanquished.

Notes
Turn   | Place    | Note
-------+----------+-------------------------------------------
     0 | D:1      | rumournova the Draconian Wanderer began the quest for the
                  | Orb.
     0 | D:1      | rumournova set off with the following items: a +2 falchion,
                  | a scroll of teleportation, a +0 cloak, a potion of haste.
     0 | D:1      | Reached XP level 1. HP: 19/19 MP: 2/2
   356 | D:1      | Reached XP level 2. HP: 26/26 MP: 3/3
   974 | D:2      | Reached XP level 3. HP: 3/31 MP: 4/4
  1218 | D:2      | Gained mutation: Your body sometimes deteriorates upon
                  | taking damage. [potion of mutation]
  1344 | D:2      | Reached XP level 4. HP: 40/40 MP: 5/5
  1720 | D:3      | Noticed Jessica
  1735 | D:3      | Killed Jessica
  1736 | D:3      | Reached skill level 5 in Long Blades
  1736 | D:3      | Reached skill level 1 in Dodging
  2082 | D:3      | Found Wejuiw's Distillery.
  2088 | D:3      | Bought a potion of mutation for 80 gold pieces
  2088 | D:3      | Bought a potion of heal wounds for 50 gold pieces
  2088 | D:3      | Lost mutation: Your body sometimes deteriorates upon taking
                  | damage. [potion of mutation]
  2088 | D:3      | Gained mutation: You sometimes lose your temper in combat.
                  | [potion of mutation]
  2088 | D:3      | Gained mutation: You are weak. (Str -2) [potion of
                  | mutation]
  2088 | D:3      | Gained mutation: You passively dampen the noise of your
                  | surroundings. [potion of mutation]
  2290 | D:4      | Reached XP level 5. HP: 39/46 MP: 6/6
  2358 | D:4      | Reached skill level 1 in Short Blades
  2429 | D:4      | Found a white marble altar of Elyvilon.
  2429 | D:4      | Found an ornate altar of the Wu Jian Council.
  2434 | D:4      | Became a worshipper of Elyvilon the Healer
  2641 | D:4      | Reached XP level 6. HP: 52/52 MP: 7/7
  2750 | D:4      | Noticed a sky beast
  2854 | D:4      | Found a sacrificial altar of Ru.
  2854 | D:4      | Found a hazy altar of Hepliaklqana.
  3411 | D:4      | Reached skill level 6 in Long Blades
  3650 | D:5      | Entered Level 5 of the Dungeon
  3690 | D:5      | Reached * piety under Elyvilon
  3772 | D:5      | Your scales start taking on an icy white colour.
  3772 | D:5      | Reached XP level 7. HP: 57/60 MP: 8/8
  3772 | D:5      | Gained mutation: Your flesh is cold resistant. (rC+) [White
                  | Draconian growth]
  3830 | D:5      | Noticed Prince Ribbit
  3862 | D:5      | Killed Prince Ribbit
  3938 | D:5      | Noticed Pikel
  3950 | D:5      | Slain by Pikel

Illustrated notes

Levels and vault maps discovered:
D:1:      tekkud_arrival_beachfront_property, layout_loops_ring
D:2:      layout_basic
D:3:      layout_basic, serial_shops, shop, uniq_jessica
D:4:      layout_loops_corners, gammafunk_temple_overflow_pools,
          mainiacjoe_overflow_divided_tiny, lightli_corner_chamber
D:5:      layout_gridville, nicolae_houndstooth_variations, uniq_prince_ribbit1,
          uniq_duvessa, uniq_pikel

Skill      XL: |  1  2  3  4  5  6 |
---------------+-------------------+-----
Stealth        | 2 3 |  3.6
Long Blades    | 5 6 |  6.9
Dodging        | 1 2 |  2.6
Fighting       | 4 |  4.9
Short Blades   | 1 2 |  2.7
Spellcasting   | |  1.0
Shapeshifting  | |  0.4

Action                     |  1- 3 |  4- 6 |  7- 9 || total
---------------------------+-------+-------+-------++-------
  Melee: Falchion          |    77 |   183 |    50 ||   310
         Tailslap          |    10 |    16 |     8 ||    34
         Punch             |       |     2 |       ||     2
         Unarmed           |       |       |     3 ||     3
Ability: Breathe Frost     |       |       |     1 ||     1
    Use: Scroll            |     6 |     4 |     4 ||    14
         Potion            |     1 |     1 |     1 ||     3
   Stab: Sleeping          |     5 |     6 |       ||    11
 Armour: Skin              |    68 |   151 |    42 ||   261
  Dodge: Dodged            |    62 |   102 |    40 ||   204
         Form:             |       |     1 |       ||     1
         Beast             |       |     1 |       ||     1
